 Dungeon Sprint DCSS version 0.30-a0-972-gf3ab3527aa (webtiles) character file.

Game seed: 8008951796111590487

929 fozzywoppz the Protected (level 8, 0/57 HPs)
             Began as a Gargoyle Fighter on Mar 31, 2023.
             Was an Initiate of Okawaru.
             Slain by a shadow (24 damage)
             ... in the Dungeon (Sprint III: "The Ten Rune Challenge").
             The game lasted 00:03:18 (497 turns).

fozzywoppz the Protected (Gargoyle Fighter)          Turns: 497, Time: 00:03:19

Health: 0/57       AC: 14    Str: 19    XL:     8   Next: 11%
Magic:  8/8        EV:  9    Int: 13    God:    Okawaru [......]
Gold:   13         SH:  6    Dex: 10    Spells: 7/7 levels left

rFire   . . .      SeeInvis .    a - +0 flail
rCold   . . .      Faith    .    c - +0 buckler
rNeg    + . .      Spirit   .    b - +0 scale mail
rPois   ∞          Reflect  .    (no helmet)
rElec   +          Rampage  .    (no cloak)
rCorr   .          NoTele   +    (no gloves)
Will    +....                    (no boots) Stlth
                                 (no amulet)
HPRegen 0.29/turn                (no ring)
MPRegen 0.11/turn                (no ring)

@: no status effects
A: sickness immunity, AC +5, negative energy resistance 1, electricity
resistance, torment resistance 1, petrification resistance, talons 1, clever 1,
strong-willed 1
a: Renounce Religion


You were in the Dungeon.
You worshipped Okawaru.
Okawaru was noncommittal.
You visited 1 branch You collected 13 gold pieces.

Inventory:

Hand Weapons
 a - a +0 flail (weapon)
Armour
 b - a +0 scale mail (worn)
 c - a +0 buckler (worn)
 d - a +0 ring mail
Wands
 f - a wand of flame (12)
Scrolls
 j - a scroll of blinking
 k - a scroll of fog {unknown}
 l - a scroll of poison {unknown}
 m - 2 scrolls of identify
 p - a scroll of immolation {unknown}
 q - a scroll of fear {unknown}
Potions
 e - a potion of curing
 h - 2 potions of magic
 i - a potion of berserk rage
 n - 3 potions of flight
 o - 2 potions of mutation


   Skills:
 + Level 10.0 Fighting
 + Level 8.9 Maces & Flails
 + Level 10.2 Armour
 + Level 0.2 Dodging
 - Level 10.0 Shields


You had 7 spell levels left.
You didn't know any spells.
Your spell library contained the following spells:

 Spells                   Type           Power      Damage    Failure   Level
 Shock                    Conj/Air       0%         1d3       67%         1
 Lesser Beckoning         Tloc           0%         N/A       80%         2
 Gell's Gravitas          Tloc           0%         N/A       95%         3
 Swiftness                Air            0%         N/A       95%         3
 Teleport Other           Tloc           0%         N/A       95%         3
 Airstrike                Air            0%         2d(0-16)  100%        4


Dungeon Overview and Level Annotations

Branches:
Dungeon (1/1)

Altars:
Dithmenos
Elyvilon
Kikubaaqudgha
Okawaru
Ru
Sif Muna
Trog
Uskayaw
Vehumet
Wu Jian
Yredelemnul
Zin
The Shining One


Innate Abilities, Weirdness & Mutations

You are immune to sickness and miasma.
Your stone body is resilient. (AC +5)
You are immune to poison.
You resist negative energy. (rN+)
You are resistant to electric shocks. (rElec)
You are resistant to unholy torment.
You are immune to petrification.
You have sharp toenails.
Your mind is acute. (Int +4, Str/Dex -1)
You are strong-willed. (Will+)


Message History

You open the door.
A jelly comes into view.
The jelly quivers.
A shadow comes into view.
There is an open door here.
The shadow attacks as you move away! The shadow hits you.
You hit the shadow. You claw the shadow.
The shadow is moderately damaged.
You block the shadow's attack.
You hit the shadow but do no damage.
The shadow is moderately damaged.
The shadow slips into darkness.
The shadow flickers and vanishes!
Deactivating autopickup; reactivate with Ctrl-A.
You miss something.
The shadow strikes at you from the darkness!
Ouch! That really hurt!
Reactivating autopickup.
You hit the shadow.
The shadow is heavily damaged.
The shadow hits you.
You barely miss the shadow.
The shadow is heavily damaged.
You block the shadow's attack.
You closely miss the shadow.
The shadow is heavily damaged.
The shadow slips into darkness.
The shadow flickers and vanishes!
Deactivating autopickup; reactivate with Ctrl-A.
You closely miss something.
The shadow strikes at you from the darkness!
Reactivating autopickup.
You hit the shadow.
The shadow is heavily damaged.
The shadow slips into darkness.
The shadow flickers and vanishes!
Deactivating autopickup; reactivate with Ctrl-A.
You miss something.
The shadow strikes at you from the darkness!
You die...

▓▓▓ #
##.############
#####..#___#___#__#
.#..#..#.).#__.#._#
.#..#..###'#'###)##
.##'#..#..........#
.###...'.⌠......@.#
####...#...######{#
###....#.⌠.# #...#
##.....#...# #...#
#).....#)### #...#
.#.....#...# #...+
###....#___# +...#
▓▓▓▓▓▓▓▓▓▓ ▓▓▓▓▓


There were no monsters in sight!

Vanquished Creatures
  A deep elf pyromancer (D)
  A water elemental (D)
  A necrophage (D)
  A scorpion (D)
  A wizard (D)
  A necromancer (D)
  A kobold demonologist (D)
  3 humans (D)
  4 rats (D)
14 creatures vanquished.

Vanquished Creatures (others)
  A plant (D)
1 creature vanquished.

Grand Total: 15 creatures vanquished

Notes
Turn   | Place    | Note
-------+----------+-------------------------------------------
     0 | D        | fozzywoppz the Gargoyle Fighter began the quest for the
                  | Orb.
     0 | D        | Reached XP level 1. HP: 14/14 MP: 1/1
    44 | D        | Noticed a scorpion
    61 | D        | Killed a scorpion
    62 | D        | Reached skill level 5 in Fighting
    62 | D        | Reached skill level 5 in Armour
    62 | D        | Reached skill level 5 in Shields
    62 | D        | Reached XP level 2. HP: 21/21 MP: 2/2
    62 | D        | Reached XP level 3. HP: 26/26 MP: 3/3
    62 | D        | Reached XP level 4. HP: 31/31 MP: 4/4
   103 | D        | Gained mutation: Your muscles are strong. (Str +4, Int/Dex
                  | -1) [potion of mutation]
   103 | D        | Gained mutation: You are somewhat resistant to further
                  | mutation. [potion of mutation]
   105 | D        | Lost mutation: Your muscles are strong. (Str +4, Int/Dex
                  | -1) [potion of mutation]
   105 | D        | Lost mutation: You are somewhat resistant to further
                  | mutation. [potion of mutation]
   105 | D        | Gained mutation: You occasionally lose the ability to read
                  | scrolls when taking damage. [potion of mutation]
   106 | D        | Lost mutation: You occasionally lose the ability to read
                  | scrolls when taking damage. [potion of mutation]
   106 | D        | Gained mutation: You are strong-willed. (Will+) [potion of
                  | mutation]
   106 | D        | Gained mutation: Your mind is acute. (Int +4, Str/Dex -1)
                  | [potion of mutation]
   106 | D        | Gained mutation: You have sharp toenails. [potion of
                  | mutation]
   108 | D        | Noticed a water elemental
   122 | D        | Killed a water elemental
   123 | D        | Reached skill level 5 in Maces & Flails
   123 | D        | Reached XP level 5. HP: 24/37 MP: 5/5
   176 | D        | Found a radiant altar of Vehumet.
   176 | D        | Found a shimmering blue altar of Sif Muna.
   176 | D        | Found an ancient bone altar of Kikubaaqudgha.
   179 | D        | Noticed a hellwing
   183 | D        | Noticed a smoke demon
   184 | D        | Noticed a red devil
   191 | D        | Found a glowing silver altar of Zin.
   191 | D        | Found a glowing golden altar of the Shining One.
   191 | D        | Found a white marble altar of Elyvilon.
   192 | D        | Noticed a deep elf pyromancer
   196 | D        | Noticed a fire elemental
   197 | D        | Killed a deep elf pyromancer
   198 | D        | Reached XP level 6. HP: 37/46 MP: 6/6
   198 | D        | Reached XP level 7. HP: 41/51 MP: 7/7
   259 | D        | Found a hide-covered altar of Uskayaw.
   259 | D        | Found an iron altar of Okawaru.
   259 | D        | Found a bloodstained altar of Trog.
   259 | D        | Found an ornate altar of the Wu Jian Council.
   259 | D        | Noticed a human
   260 | D        | Noticed a human
   291 | D        | Killed a human
   300 | D        | Killed a human
   301 | D        | Reached XP level 8. HP: 12/57 MP: 8/8
   325 | D        | Became a worshipper of Warmaster Okawaru
   466 | D        | Found a basalt altar of Yredelemnul.
   466 | D        | Found a shadowy altar of Dithmenos.
   466 | D        | Found a sacrificial altar of Ru.
   474 | D        | Reached skill level 10 in Fighting
   474 | D        | Reached skill level 10 in Armour
   474 | D        | Reached skill level 10 in Shields
   487 | D        | Noticed a shadow
   497 | D        | Slain by a shadow

Illustrated notes

Levels and vault maps discovered:
D:        dungeon_sprint_mu [sprint_mu_entry_cave, sprint_mu_temple_rooms,
          sprint_mu_d1_horrors, sprint_mu_d2_genie, sprint_mu_d3_branching,
          sprint_mu_orc_legion, sprint_mu_elf_gauntlet, sprint_mu_hive_nellie,
          sprint_mu_lair_fedhas, sprint_mu_vaults_butterflies,
          sprint_mu_slime_circle, sprint_mu_swamp_cave, sprint_mu_shoals_archi,
          sprint_mu_blade_basic, sprint_mu_crypt_chambers,
          sprint_mu_tomb_spiral, sprint_mu_vestibule_basic,
          sprint_mu_gehenna_hellfire, sprint_mu_dis_giant,
          sprint_mu_tartarus_statrot, sprint_mu_cocytus_islands, sprint_mu_zot1]

Skill      XL: |  1  2  3  4  5  6  7  8 |
---------------+-------------------------+-----
Fighting       | 5 6 9 10 | 10.0
Maces & Flails | 4 5 8 |  8.9
Armour         | 5 6 9 10 | 10.2
Shields        | 5 6 9 10 | 10.0
Dodging        | |  0.2

Action                     |  1- 3 |  4- 6 |  7- 9 || total
---------------------------+-------+-------+-------++-------
  Melee: Flail             |    24 |    42 |    46 ||   112
         Kick              |       |     5 |    15 ||    20
    Use: Potion            |       |     5 |     2 ||     7
 Armour: Scale mail        |    13 |    14 |     9 ||    36
  Dodge: Dodged            |    11 |    12 |     8 ||    31
  Block: Buckler           |     3 |    12 |     8 ||    23

Table legend: (Time is in decaauts)
 A = Elapsed time spent in this place.
 B = Non-inter-level travel time spent in this place.
 C = Inter-level travel time spent in this place.
 D = Time resting spent in this place.
 E = Time spent auto-exploring this place.
 F = Levels seen in this place.
 G = Mean time per level.
                   A        B        C        D        E       F      G
               +--------+--------+--------+--------+--------+-----+--------+
         Total |    494 |    494 |      0 |    214 |      0 |   1 |  494.0 |
       Dungeon |    494 |    494 |      0 |    214 |      0 |   1 |  494.0 |
               +--------+--------+--------+--------+--------+-----+--------+

Top non-repeatable levels by time:
       D: 494 daAuts
